 Dungeon Crawl Stone Soup version 0.31-a0-1321-g5021b54cb2 (webtiles) character file.

Game seed: 5614698193740047894

225 pokeman the Magician (level 5, -2/29 HPs)
             Began as a Deep Elf Hedge Wizard on Dec 20, 2023.
             Slain by a gnoll
             ... wielding a +0 spear
             ... led by a gnoll bouda
              (9 damage)
             ... on level 4 of the Dungeon.
             The game lasted 00:05:57 (3242 turns).

pokeman the Magician (Deep Elf Hedge Wizard)        Turns: 3242, Time: 00:05:57

Health: -2/29      AC:  2    Str:  7    XL:     5   Next: 68%
Magic:  3/15       EV: 13    Int: 21    God:
Gold:   101        SH:  5    Dex: 14    Spells: 4/16 levels left

rFire   . . .        a - +0 dagger
rCold   . . .        (no shield)
rNeg    . . .        b - +0 robe
rPois   .            c - +0 hat
rElec   .            (no cloak)
rCorr   .            (no gloves)
SInv    .            (no boots)
Will    .....        o - amulet of reflection
Stlth   ++           (no ring)
HPRegen 0.24/turn    (no ring)
MPRegen 0.14/turn

%: reflection
@: weakened, very slightly contaminated
A: no striking features
a: no special abilities


You were on level 4 of the Dungeon.
You visited 1 branch of the dungeon, and saw 4 of its levels.

You collected 101 gold pieces.

Inventory:

Hand Weapons
 a - a +0 dagger (weapon)
Armour
 b - a +0 robe (worn)
 c - a +0 hat (worn)
 i - a +0 buckler
Jewellery
 o - an amulet of reflection (around neck)
Wands
 p - a wand of digging (8)
Scrolls
 e - 2 scrolls of noise {unknown}
 f - 4 scrolls of identify {unknown}
 j - a scroll of enchant armour {unknown}
 k - a scroll of fog {unknown}
 m - a scroll of vulnerability {unknown}
Potions
 d - a potion of magic
 g - a potion of cancellation {unknown}
 h - a potion of degeneration {unknown}
 l - a potion of attraction {unknown}
 n - a potion of curing {unknown}


   Skills:
 - Level 1.1 Fighting
 - Level 1.1 Armour
 - Level 3.0 Dodging
 - Level 3.0 Stealth
 + Level 0.7 Shields
 * Level 6.4 Spellcasting
 + Level 2.9 Conjurations
 - Level 1.1 Summonings
 - Level 1.1 Translocations
 + Level 0.6 Alchemy


You had 4 spell levels left.
You knew the following spells:

 Your Spells              Type           Power      Damage    Failure   Level
a - Magic Dart            Conj           72%        1d6       2%          1
b - Mephitic Cloud        Conj/Alch/Air  11%        N/A       17%         3
c - Call Imp              Summ           22%        N/A       9%          2
d - Blink                 Tloc           22%        N/A       9%          2
e - Ignite Poison         Fire/Alch      8%         N/A       63%         4

Your spell library contained the following spells:

 Spells                   Type           Power      Damage    Failure   Level
 Slow                     Hex            24%        N/A       10%         1
 Cigotuvi's Dreadful Rot  Necr/Alch/Air  14%        N/A       13%         2
 Freezing Cloud           Conj/Ice/Air   5%         6-21      87%         5


Dungeon Overview and Level Annotations

Branches:
Dungeon (4/15)
 Temple: D:4-7

Altars:

Annotations:
D:4 Robin


Message History

The gnoll hits you from afar with a +0 spear.
Your cerulean imp hits the goblin but does no damage.
You closely miss the goblin.
A gnoll comes into view. It is wielding a +0 whip.
Your cerulean imp hits the goblin from afar with a -3 spear.
The gnoll hits you from afar with a +0 spear.
Robin hits the gnoll with a +0 spear.
You block the goblin's attack.
The gnoll shouts!
You hit the goblin.
You kill the goblin!
The gnoll throws a throwing net.
The throwing net barely misses you.
The gnoll bouda calls upon its god to heal the gnoll.
The gnoll's wounds heal themselves!
Robin barely misses the gnoll.
Robin hits themself but does no damage.
You block the gnoll's attack.
You hit the goblin.
The goblin is heavily wounded.
Your cerulean imp hits the goblin from afar with a -3 spear.
The goblin dies!
The gnoll misses you.
The gnoll bouda gazes fiercely through you!
You feel your attacks grow feeble.
You hear an angry hiss.
Casting: Call Imp (safe; 9% risk of failure)
Confirm with . or Enter, or press ? or * to list all spells.
Aiming: Mephitic Cloud (quite dangerous; 17% risk of failure)
Press: ? - help, Shift-Dir - straight line, f - hobgoblin
Aim: a hobgoblin, quivering stones (ally target, chance to affect: 96%)
You miscast Mephitic Cloud.
You are very lightly contaminated with residual magic.
Nothing appears to happen.
Robin seems less confused.
The gnoll throws a throwing net.
The throwing net closely misses you.
Your cerulean imp hits the hobgoblin from afar with a -3 spear.
The gnoll hits you from afar with a +0 spear.
* * * LOW HITPOINT WARNING * * *
Unknown command.
Unknown command.
You block the hobgoblin's attack.
Your cerulean imp barely misses the hobgoblin.
The gnoll hits you from afar with a +0 spear!
You die...

.#g# ... .
..g .. †.#.#
#....#. #
)......
#.###gg.....
#.5@gg....#
#####gg...#
'.l...[.
....###
......
#.###.# .# .
.#


You could see a gnoll bouda, an iguana, Robin, 3 gnolls, a hobgoblin (ally
target) and a friendly cerulean imp (summoned).

Vanquished Creatures
  2 orc priests
  A hound (D:4)
  6 adders
  5 dart slugs
  9 orcs
  A ball python (D:3)
  5 endoplasms
  2 giant cockroaches
  12 goblins
  4 hobgoblins
  2 jackals (D:1)
  4 bats
  A frilled lizard (D:3)
  4 rats
58 creatures vanquished.

Vanquished Creatures (collateral kills)
  An orc (D:2)
  2 goblins (D:4)
3 creatures vanquished.

Grand Total: 61 creatures vanquished

Notes
Turn   | Place    | Note
-------+----------+-------------------------------------------
     0 | D:1      | pokeman the Deep Elf Hedge Wizard began the quest for the
                  | Orb.
     0 | D:1      | Reached XP level 1. HP: 10/10 MP: 7/7
   121 | D:1      | Found a faded altar of an unknown god.
   211 | D:1      | Reached XP level 2. HP: 16/16 MP: 0/9
  1061 | D:2      | Reached skill level 5 in Spellcasting
  1061 | D:2      | Reached XP level 3. HP: 20/20 MP: 4/11
  1065 | D:2      | Learned a level 3 spell: Mephitic Cloud
  1068 | D:2      | Learned a level 2 spell: Call Imp
  1071 | D:2      | Learned a level 2 spell: Blink
  1230 | D:2      | Reached skill level 1 in Fighting
  1230 | D:2      | Reached skill level 1 in Armour
  1230 | D:2      | Reached XP level 4. HP: 11/25 MP: 0/13
  2156 | D:3      | Reached skill level 6 in Spellcasting
  2189 | D:3      | Reached XP level 5. HP: 29/29 MP: 6/15
  2743 | D:3      | Learned a level 4 spell: Ignite Poison
  3199 | D:4      | Noticed Robin
  3242 | D:4      | Slain by a gnoll

Illustrated notes

Levels and vault maps discovered:
D:1:      minmay_arrival_four_circles, layout_loops_ring,
          shapermc_ecumenical_altar_ellora, chequers_serial_rivers_small_b
D:2:      layout_basic, dk_noncrumbling_2
D:3:      wander_river, layout_loops_corners
D:4:      layout_basic, serial_shops, shop_statue, nicolae_half_adder,
          uniq_robin

Skill      XL: |  1  2  3  4  5 |
---------------+----------------+-----
Spellcasting   | 5 6 |  6.4
Fighting       | 1 |  1.1
Armour         | 1 |  1.1
Conjurations   | 2 |  2.9
Stealth        | 3 |  3.0
Dodging        | 3 |  3.0
Shields        | |  0.7
Summonings     | |  1.1
Translocations | |  1.1
Alchemy        | |  0.6

Action                     |  1- 3 |  4- 6 || total
---------------------------+-------+-------++-------
  Melee: Dagger            |    15 |    36 ||    51
         Punch             |     1 |       ||     1
   Cast: Magic Dart        |    55 |    72 ||   127
         Mephitic Cloud    |     1 |     2 ||     3
         Call Imp          |     1 |     1 ||     2
   Stab: Sleeping          |     1 |     1 ||     2
         Confused          |       |     2 ||     2
 Armour: Robe              |    14 |    20 ||    34
  Dodge: Dodged            |    11 |    17 ||    28
  Block: Other             |       |     6 ||     6

Table legend: (Time is in decaauts)
 A = Elapsed time spent in this place.
 B = Non-inter-level travel time spent in this place.
 C = Inter-level travel time spent in this place.
 D = Time resting spent in this place.
 E = Time spent auto-exploring this place.
 F = Levels seen in this place.
 G = Mean time per level.
                   A        B        C        D        E       F      G
               +--------+--------+--------+--------+--------+-----+--------+
         Total |   3258 |   3157 |    101 |      7 |   2802 |   4 |  814.5 |
       Dungeon |   3258 |   3157 |    101 |      7 |   2802 |   4 |  814.5 |
               +--------+--------+--------+--------+--------+-----+--------+

Top non-repeatable levels by time:
     D:3: 1234 daAuts
     D:1: 1038 daAuts
     D:2: 924 daAuts
     D:4: 60 daAuts
